 Dungeon Crawl Stone Soup version 0.31-a0-818-ge7c7cf74f0 (webtiles) character file.

Game seed: 12397803857082578779

5431 quinnr the Zephyrmancer (level 10, -1/59 HPs)
             Began as a Tengu Air Elementalist on Sept 22, 2023.
             Was a Follower of Vehumet.
             Killed from afar by an electric eel (12 damage)
             ... with a bolt of electricity
             ... on level 8 of the Dungeon.
             The game lasted 00:17:12 (9581 turns).

quinnr the Zephyrmancer (Tengu Air Elementalist)    Turns: 9581, Time: 00:17:13

Health: -1/59      AC:  5    Str:  9    XL:     10   Next: 67%
Magic:  13/27      EV: 18    Int: 20    God:    Vehumet [*.....]
Gold:   459        SH:  0    Dex: 14    Spells: 9/19 levels left

rFire   + . .        x - +4 dagger (freeze)
rCold   . . .        (no shield)
rNeg    . . .        h - +2 robe {Will+}
rPois   .            (helmet restricted)
rElec   .            (no cloak)
rCorr   .            i - +0 pair of gloves
SInv    .            (boots unavailable)
Will    +....        D - amulet of magic regeneration
Stlth   +++          f - ring of protection from fire
HPRegen 0.29/turn    M - ring of magical power
MPRegen 0.60/turn

%: acrobat
@: lethally poisoned (-1 -> -10), flying
A: beak, talons 3, evasive flight, acrobatic
a: Renounce Religion


You were on level 8 of the Dungeon.
You worshipped Vehumet.
Vehumet was aware of your devotion.
You visited 2 branches of the dungeon, and saw 9 of its levels.
You also visited: Sewer.

You collected 459 gold pieces.


Innate Abilities, Weirdness & Mutations

You have a beak for a mouth.
You have claws for feet.
Your magical flight helps you evade attacks. (EV +4)
You can magically evade attacks while moving or waiting.


   Skills:
 - Level 5.0 Fighting
 - Level 6.0 Dodging
 - Level 7.0 Stealth
 - Level 5.0 Spellcasting
 - Level 4.0 Conjurations
 + Level 13.9 Air Magic
 - Level 3.0 Poison Magic


You had 9 spell levels left.
You knew the following spells:

 Your Spells              Type           Power      Damage    Failure   Level
a - Airstrike             Air            28%        2d(5-21)  1%          4
i - Swiftness             Air            57%        N/A       1%          3
t - Static Discharge      Conj/Air       80%        2-6/arc   1%          2
z - Shock                 Conj/Air       100%       1d9       1%          1

Your spell library contained the following spells:

 Spells                   Type           Power      Damage    Failure   Level
 Magic Dart               Conj           84%        1d7       2%          1
 Slow                     Hex            20%        N/A       12%         1
 Confusing Touch          Hex            5%         N/A       34%         3
 Gell's Gravitas          Tloc           5%         N/A       34%         3
 Sigil of Binding         Hex            5%         N/A       34%         3
 Teleport Other           Tloc           5%         N/A       34%         3
 Vampiric Draining        Necr           5%         2d6       34%         3
 Animate Dead             Necr           5%         N/A       75%         4
 Leda's Liquefaction      Hex/Erth       2%         N/A       75%         4
 Lee's Rapid Deconstruct  Erth           2%         3d5*      97%         5
 Bombard                  Conj/Erth      6%         9d2       100%        6
 Dispersal                Tloc           2%         N/A       100%        6
 Haunt                    Necr/Summ      2%         N/A       100%        7
 Infestation              Necr           2%         N/A       100%        8

Inventory:

Hand Weapons
 w - a +3 dagger
 x - a +4 dagger of freezing (weapon)
 z - a +1 dagger of venom
 G - a +3 dagger
Missiles
 m - 25 poisoned darts
Armour
 a - a +0 robe
 h - a +2 robe of willpower (worn)
 i - a +0 pair of gloves (worn)
Magical Staves
 y - a staff of poison {!a}
Jewellery
 f - a ring of protection from fire (left hand)
 n - an amulet of guardian spirit
 v - a ring of see invisible
 D - an amulet of magic regeneration (around neck)
 F - a ring of fire
 M - a ring of magical power (right hand)
Scrolls
 d - a scroll of amnesia
 e - a scroll of fog
 j - a scroll of teleportation {@r2}
 l - a scroll of fear
 o - a scroll of poison
 p - 2 scrolls of blinking
 B - a scroll of torment
Potions
 b - a potion of magic
 c - 3 potions of curing {@q1}
 g - 2 potions of mutation {unknown}
 k - 2 potions of ambrosia {unknown}
 q - 2 potions of enlightenment
 r - 2 potions of heal wounds {@q2}
 s - 3 potions of attraction
 t - a potion of might
 u - 3 potions of haste {unknown}
 A - a potion of degeneration {unknown}
 C - 3 potions of cancellation {unknown}

Dungeon Overview and Level Annotations

Branches:
Dungeon (8/15)             Temple (1/1) D:6           Sewer (visited)
   Lair: D:8-11

Altars:
Ashenzari
Cheibriados
Elyvilon
Fedhas
Gozag
Hepliaklqana
Kikubaaqudgha
Makhleb
Nemelex Xobeh
Okawaru
Qazlal
Ru
Sif Muna
Trog
Uskayaw
Vehumet
Wu Jian
Xom
Yredelemnul
Zin

Annotations:
D:8 Joseph

##.....#.≈≈≈
##.......≈≈≈▒▒#
#.......≈≈≈▒▒..
#.......≈≈▒▒...
#.......≈≈▒..▒'
#.......≈≈#..▒
#.......≈≈#..▒ ..
#.......≈≈▒..▒▒▒▒.. ≈
##..>..@y≈▒▒ .....▒ ≈≈
#......≈≈≈▒▒....▒ ≈≈≈
#....[..#≈≈8▒▒''▒▒8S≈#
#.......#≈≈≈†8..8.≈≈≈#
#.......##≈≈≈)...≈≈≈.#
##.....#...≈≈≈<.≈≈≈z.#
#...........≈S≈≈≈≈#.##
#....†..#....≈≈≈≈...#
#.........##....#.....


You could see a hornet and an electric eel.


Message History

Unknown command.
Casting: Static Discharge (safe; 1% risk of failure)
Confirm with . or Enter, or press ? or * to list all spells.
The hornet is struck by an arc of lightning.
The hornet is almost dead.
You are struck by an arc of lightning.
The lightning grounds out.
You feel yourself speed up.
You feel very sick. The hornet barely misses you. The hornet stings you!
You are more poisoned.
You feel yourself slow down.
The electric eel shoots out a bolt of lightning at you!
The bolt of electricity hits you!
* * * LOW HITPOINT WARNING * * *
The hornet misses you.
Unknown command.
Unknown command.
You feel yourself speed up.
* * * LOW HITPOINT WARNING * * *
You feel extremely sick. The hornet closely misses you.
* * * LOW HITPOINT WARNING * * *
You feel very sick.
There is a stone staircase leading up, spattered with blood here.
* * * LOW HITPOINT WARNING * * *
You feel very sick. The hornet closely misses you.
The electric eel shoots out a bolt of lightning at you!
The bolt of electricity hits you!
You die...

Skill      XL: |  1  2  3  4  5  6  7  8  9 10 |
---------------+-------------------------------+-----
Air Magic      | 5 6 7 8 9 12 13 | 13.9
Fighting       | 1 2 4 5 |  5.0
Dodging        | 3 4 6 |  6.0
Stealth        | 3 5 7 |  7.0
Conjurations   | 2 4 |  4.0
Spellcasting   | 3 5 |  5.0
Poison Magic   | 1 3 |  3.0

Action                     |  1- 3 |  4- 6 |  7- 9 | 10-12 || total
---------------------------+-------+-------+-------+-------++-------
  Melee: Unarmed           |    13 |     7 |       |       ||    20
         Kick              |     5 |     2 |     7 |     1 ||    15
         Dagger            |       |       |    12 |     1 ||    13
         Peck              |       |       |     7 |       ||     7
   Cast: Shock             |    73 |   123 |   155 |    40 ||   391
         Airstrike         |       |     6 |    63 |    24 ||    93
         Static Discharge  |       |       |     3 |     7 ||    10
    Use: Scroll            |     1 |     6 |     4 |     1 ||    12
 Armour: Robe              |    11 |    18 |    15 |    15 ||    59
  Dodge: Dodged            |    26 |    37 |    39 |    16 ||   118

Levels and vault maps discovered:
D:1:      tarquinn_simple_flora_water_b, layout_rooms,
          ebering_ecumenical_altar_sacrificial, dk_noncrumbling_3,
          lexackson_kobold_supper
D:2:      cheibrodos_fertilizer, layout_loops_ring, minmay_hedge_maze,
          uniq_natasha
D:3:      layout_basic, amcnicky_altar_gilded, old_standard_altar,
          serial_aquarium, aquarium_bridge_island_small
          [aquarium_subvault_small_water, aquarium_subvault_wall,
          aquarium_subvault_wall, aquarium_subvault_bridge,
          aquarium_subvault_bridge], aquarium_window_1, aquarium_window_2,
          aquarium_window_1, aquarium_window_fake, aquarium_view_2d
D:4:      minmay_recursive_quarters, layout_basic, nicolae_uskayaw_en_pointe,
          cheibrodos_sewer_entry_sluice, minmay_a_box_with_orc_wizards_in_it
D:5:      layout_cave_pools, worldfamousw_hep_ancestral_shrine,
          grunt_ministairs_14
D:6:      layout_cave_pools, temple_fountains
D:7:      layout_basic, mainiacjoe_overflow_alcove_2, fiery_altar_vehumet,
          nicolae_elevator_lobby_plus
D:8:      layout_rooms, mainiacjoe_overflow_cross_hatched,
          kennysheep_island_fort, uniq_erica, uniq_maurice, uniq_joseph
Temple:   eino_narrow_crystal_temple

Notes
Turn   | Place    | Note
-------+----------+-------------------------------------------
     0 | D:1      | quinnr the Tengu Air Elementalist began the quest for the
                  | Orb.
     0 | D:1      | Reached XP level 1. HP: 10/10 MP: 4/4
    55 | D:1      | Reached XP level 2. HP: 13/15 MP: 0/6
   281 | D:1      | Reached skill level 5 in Air Magic
   553 | D:1      | Reached XP level 3. HP: 19/19 MP: 2/7
   672 | D:1      | Found a faded altar of an unknown god.
  1246 | D:2      | Reached skill level 6 in Air Magic
  1500 | D:2      | Reached XP level 4. HP: 24/24 MP: 6/8
  1786 | D:2      | Noticed Natasha
  1798 | D:2      | Killed Natasha
  1895 | D:2      | Noticed Natasha
  1901 | D:2      | Reached skill level 7 in Air Magic
  1906 | D:2      | Killed Natasha
  1907 | D:2      | Reached XP level 5. HP: 23/28 MP: 4/9
  2166 | D:2      | Reached skill level 8 in Air Magic
  2496 | D:2      | Noticed Natasha
  2502 | D:2      | Killed Natasha
  2503 | D:2      | Reached skill level 1 in Fighting
  2503 | D:2      | Reached XP level 6. HP: 27/34 MP: 1/10
  2582 | D:2      | Learned a level 4 spell: Airstrike
  2752 | D:3      | Found a sacrificial altar of Ru.
  3218 | D:3      | Found a bloodstained altar of Trog.
  3265 | D:3      | Reached skill level 2 in Fighting
  3265 | D:3      | Reached skill level 3 in Dodging
  3265 | D:3      | Reached skill level 3 in Stealth
  3728 | D:4      | Reached skill level 2 in Conjurations
  3764 | D:4      | Found a glowing drain.
  3765 | D:4      | Noticed a +0 spear
  3767 | D:4      | Noticed a +0 spear
  3777 | Sewer    | Entered a sewer
  3862 | Sewer    | Learned a level 2 spell: Static Discharge
  4204 | Sewer    | Gained mutation: Your magical flight helps you evade
                  | attacks. (EV +4) [Tengu growth]
  4204 | Sewer    | Reached XP level 7. HP: 40/40 MP: 6/12
  4275 | Sewer    | Found a white marble altar of Elyvilon.
  4352 | D:4      | Noticed a +0 falchion
  4353 | D:4      | Noticed a +0 falchion
  4354 | D:4      | Noticed a +0 short sword
  4354 | D:4      | Noticed a +0 dagger
  4355 | D:4      | Noticed a +0 short sword
  4355 | D:4      | Noticed a +0 dagger
  4650 | D:4      | Reached skill level 4 in Dodging
  4650 | D:4      | Reached skill level 3 in Spellcasting
  4666 | D:4      | Learned a level 3 spell: Swiftness
  4891 | D:4      | Found a hide-covered altar of Uskayaw.
  5136 | D:4      | Reached skill level 9 in Air Magic
  5540 | D:5      | Entered Level 5 of the Dungeon
  5612 | D:5      | Reached XP level 8. HP: 45/45 MP: 7/13
  5723 | D:5      | Reached skill level 3 in Fighting
  5729 | D:5      | Reached skill level 4 in Stealth
  5949 | D:5      | Reached skill level 5 in Dodging
  6108 | D:5      | Reached skill level 4 in Fighting
  6196 | D:5      | Reached skill level 5 in Stealth
  6338 | D:5      | Reached skill level 6 in Dodging
  6519 | D:5      | Found a hazy altar of Hepliaklqana.
  6772 | D:6      | Reached XP level 9. HP: 49/53 MP: 14/14
  6888 | D:6      | Reached skill level 5 in Fighting
  6943 | D:6      | Reached skill level 6 in Stealth
  6968 | D:6      | Found a staircase to the Ecumenical Temple.
  6983 | Temple   | Entered the Ecumenical Temple
  7213 | D:6      | Reached skill level 7 in Stealth
  7555 | D:7      | Reached skill level 4 in Spellcasting
  7770 | D:7      | Reached skill level 5 in Spellcasting
  7826 | D:7      | Found a radiant altar of Vehumet.
  7893 | D:7      | Became a worshipper of Vehumet
  8186 | D:8      | Noticed a centaur warrior
  8186 | D:8      | Noticed Joseph
  8216 | D:8      | Reached skill level 10 in Air Magic
  8286 | D:8      | Noticed a two-headed ogre
  8309 | D:7      | Killed a two-headed ogre
  8310 | D:7      | Reached skill level 12 in Air Magic
  8310 | D:7      | Reached skill level 1 in Poison Magic
  8310 | D:7      | Reached XP level 10. HP: 59/59 MP: 4/18
  8392 | D:7      | Reached skill level 3 in Conjurations
  8568 | D:7      | Reached skill level 2 in Poison Magic
  8663 | D:7      | Reached * piety under Vehumet
  8663 | D:7      | Offered knowledge of Magic Dart by Vehumet.
  8815 | D:7      | Reached skill level 4 in Conjurations
  9017 | D:7      | Found an ornate altar of the Wu Jian Council.
  9273 | D:8      | Identified the +8 flail of the Bespelling Viper {pain, rN+
                  | SInv}
  9407 | D:8      | Reached skill level 3 in Poison Magic
  9432 | D:8      | Noticed Erica
  9437 | D:8      | Killed Erica
  9528 | D:8      | Reached skill level 13 in Air Magic
  9530 | D:8      | Killed a centaur warrior
  9581 | D:8      | Killed from afar by an electric eel

Vanquished Creatures
  A centaur warrior (D:8)
  Erica (D:8)
  A two-headed ogre (D:7)
  3 steam dragons
  2 water moccasins
  An orc warrior (D:6)
  4 black bears
  An ice beast (D:5)
  2 ogres
  A phantom (D:5)
  3 kobold brigands
  3 bullfrogs
  A scorpion (D:3)
  10 wights
  4 howler monkeys
  4 jellies
  A gnoll bouda (D:5)
  4 hounds
  2 sleepcaps
  Natasha (thrice) (D:2)
  7 iguanas
  10 orc wizards
  5 gnolls (D:5)
  14 adders
  2 river rats (Sewer)
  A white imp (D:8)
  2 ufetubi (D:6)
  2 dart slugs
  19 orcs
  7 ball pythons
  14 endoplasms
  A giant cockroach (D:1)
  3 goblins (D:1)
  6 hobgoblins
  7 jackals
  2 quokkas (D:1)
  9 bats
  6 frilled lizards
  28 kobolds
  8 rats
205 creatures vanquished.

Table legend: (Time is in decaauts)
 A = Elapsed time spent in this place.
 B = Non-inter-level travel time spent in this place.
 C = Inter-level travel time spent in this place.
 D = Time resting spent in this place.
 E = Time spent auto-exploring this place.
 F = Levels seen in this place.
 G = Mean time per level.
                   A        B        C        D        E       F      G
               +--------+--------+--------+--------+--------+-----+--------+
         Total |   9643 |   9274 |    369 |   1015 |   6636 |  10 |  964.3 |
       Dungeon |   9045 |   8677 |    368 |    780 |   6485 |   8 | 1130.6 |
        Temple |      3 |      2 |      1 |      0 |      2 |   1 |    3.0 |
         Sewer |    594 |    594 |      0 |    235 |    149 |   1 |  594.0 |
               +--------+--------+--------+--------+--------+-----+--------+

Top non-repeatable levels by time:
     D:7: 1766 daAuts
     D:2: 1658 daAuts
     D:3: 1169 daAuts
     D:4: 1118 daAuts
     D:5: 1106 daAuts
     D:1: 1055 daAuts
     D:6: 1030 daAuts
   Sewer: 594 daAuts
     D:8: 139 daAuts
  Temple: 3 daAuts

Table legend:
 A = Non-vault XP
 B = Vault XP
 C = Vault XP percentage of total XP
 D = Non-vault monster count
 E = Vault monster count
 F = Vault count percentage of total count
                 A         B        C        D         E       F
            +---------+---------+-------+---------+---------+-------
      Total |    5258 |    2501 |  32.2 |     150 |      55 |  26.8
            +---------+---------+-------+---------+---------+-------
        D:1 |      42 |       9 |  17.6 |      25 |       8 |  24.2
        D:2 |     129 |     139 |  51.9 |      21 |      14 |  40.0
        D:3 |     153 |       0 |   0.0 |      19 |       0 |   0.0
        D:4 |     264 |     246 |  48.2 |      13 |      13 |  50.0
        D:5 |     864 |     233 |  21.2 |      16 |       7 |  30.4
        D:6 |     797 |       0 |   0.0 |      15 |       0 |   0.0
        D:7 |    2222 |       0 |   0.0 |      28 |       0 |   0.0
        D:8 |     787 |    1736 |  68.8 |      13 |       3 |  18.8
      Sewer |       0 |     138 | 100.0 |       0 |      10 | 100.0
            +---------+---------+-------+---------+---------+-------

Levels and vault maps discovered:
D:1:      tarquinn_simple_flora_water_b, layout_rooms,
          ebering_ecumenical_altar_sacrificial, dk_noncrumbling_3,
          lexackson_kobold_supper
D:2:      cheibrodos_fertilizer, layout_loops_ring, minmay_hedge_maze,
          uniq_natasha
D:3:      layout_basic, amcnicky_altar_gilded, old_standard_altar,
          serial_aquarium, aquarium_bridge_island_small
          [aquarium_subvault_small_water, aquarium_subvault_wall,
          aquarium_subvault_wall, aquarium_subvault_bridge,
          aquarium_subvault_bridge], aquarium_window_1, aquarium_window_2,
          aquarium_window_1, aquarium_window_fake, aquarium_view_2d
D:4:      minmay_recursive_quarters, layout_basic, nicolae_uskayaw_en_pointe,
          cheibrodos_sewer_entry_sluice, minmay_a_box_with_orc_wizards_in_it
D:5:      layout_cave_pools, worldfamousw_hep_ancestral_shrine,
          grunt_ministairs_14
D:6:      layout_cave_pools, temple_fountains
D:7:      layout_basic, mainiacjoe_overflow_alcove_2, fiery_altar_vehumet,
          nicolae_elevator_lobby_plus
D:8:      layout_rooms, mainiacjoe_overflow_cross_hatched,
          kennysheep_island_fort, uniq_erica, uniq_maurice, uniq_joseph
Temple:   eino_narrow_crystal_temple
